 Dungeon Crawl Stone Soup version 0.24.0-123-gd5b16e6ec5 (webtiles) character file.

Game seed: 1932459083319788827, levelgen mode: deterministic

292 Descartes the Digger (level 6, 0/32 HPs)
             Began as a Gargoyle Earth Elementalist on Jan 21, 2020.
             Slain by an ogre
             ... wielding a +0 giant club
              (16 damage)
             ... on level 4 of the Dungeon.
             The game lasted 00:08:13 (3677 turns).

Descartes the Digger (Gargoyle Earth Elementalist)  Turns: 3677, Time: 00:08:14

Health: 0/32       AC: 14    Str: 11    XL:     6   Next: 33%
Magic:  11/11      EV:  5    Int: 18    God:
Gold:   250        SH:  0    Dex: 10    Spells: 6/12 levels left

rFire    . . .     SeeInvis +   h - +2 quarterstaff (chaos)
rCold    . . .     Gourm    .   (shield currently unavailable)
rNeg     + . .     Faith    .   w - +0 chain mail
rPois    ∞         Spirit   .   (no helmet)
rElec    +         Reflect  .   A - +0 cloak
rCorr    .         Harm     .   (no gloves)
MR       .....                  (no boots)
Stlth    ..........             (no amulet)
HPRegen  0.10/turn              z - ring of see invisible
MPRegen  0.12/turn              s - ring of attention (curse)

@: no status effects
A: negative energy resistance 1, electricity resistance, unbreathing,
petrification resistance, rot immunity, AC +4
a: no special abilities


You were on level 4 of the Dungeon.
You were very hungry.

You visited 1 branch of the dungeon, and saw 4 of its levels.

You collected 250 gold pieces.

Inventory:

Hand Weapons
 g - a +0 spear
 h - a +2 quarterstaff of chaos (weapon)
 p - a +0 quarterstaff
Missiles
 b - 126 stones (quivered)
 j - 123 bolts
 l - 39 arrows
Armour
 c - a +0 robe
 i - a +0 leather armour
 w - a +0 chain mail (worn)
 A - a +0 cloak (worn)
Jewellery
 n - an uncursed ring of wizardry
 s - a cursed ring of attention (right hand)
 z - a ring of see invisible (left hand)
Wands
 y - a wand of iceblast (6)
 B - a wand of digging (7)
Scrolls
 a - 4 scrolls of identify {unknown}
 e - 2 scrolls of remove curse {unknown}
 k - 2 scrolls of noise {unknown}
 m - a scroll of amnesia {unknown}
 q - a scroll of blinking {unknown}
 v - a scroll of random uselessness {unknown}
Potions
 f - 2 potions of might {unknown}
 o - a potion of lignification {unknown}
 r - a potion of flight {unknown}
 t - 3 potions of brilliance {unknown}
 u - a potion of resistance
 x - a potion of mutation {unknown}
Comestibles
 d - 5 rations


   Skills:
 + Level 1.5 Staves
 + Level 3.5 Armour
 - Level 1.5 Dodging
 - Level 2.1 Stealth
 + Level 3.5 Spellcasting
 - Level 0.7 Transmutations
 + Level 5.4 Earth Magic


You had 6 spell levels left.
You knew the following spells:

 Your Spells              Type           Power        Failure   Level  Hunger
a - Sandblast             Erth           ###...       61%         1    None
b - Passwall              Tmut/Erth      ##......     97%         2    ##.....
c - Stone Arrow           Conj/Erth      ##....       100%        3    ###....

Your spell library contained the following spells:

 Spells                   Type           Power        Failure   Level  Hunger
 Petrify                  Tmut/Erth      ##......     100%        4    ####...
 Lee's Rapid Deconstruct  Erth           ###.......   100%        5    ######.


Dungeon Overview and Level Annotations

Branches:
Dungeon (4/15)
 Temple: D:4-7

Altars:
Nemelex Xobeh


Innate Abilities, Weirdness & Mutations

You are resistant to torment.
Your stone body is resilient. (AC +4)
You are immune to poison.
You resist negative energy. (rN+)
You are resistant to electric shocks. (rElec)
You can survive without breathing.
You are immune to petrification.
You are immune to rotting.


Message History

The worker ant bites you but does no damage.
You closely miss the worker ant.
The worker ant is severely wounded.
Your jackal zombie barely misses the worker ant.
The worker ant barely misses you.
Your jackal zombie closely misses the worker ant.
You barely miss the worker ant.
The worker ant is severely wounded.
The worker ant bites you but does no damage.
Your jackal zombie barely misses the worker ant.
The worker ant bites you but does no damage.
You thump the worker ant!
You feel better.
You kill the worker ant!
The ogre hits your jackal zombie with a +0 giant club!!
Your jackal zombie is destroyed!
You hit the ogre. You freeze the ogre.
The ogre is moderately wounded.
The ogre hits you with a +0 giant club!
Ouch! That really hurt!
You die...

...#. ####..# .##### .....
##.....# #..#...
....###..##..# .......
............###<......
#.#.............#.....
#..#.#................
#..#..................
##....####O...........
#........@#...........
##.....####........≈≈.
####......# #.......≈..≈
........#.##≈...≈≈..≈..≈
........#)#≈≈..≈..≈..≈(. ####
.........##≈≈..≈..≈⌠.≈..
...##......^...#≈≈...≈.⌠≈..≈.
....#........#.#
.............#.##


You could see an ogre.

Vanquished Creatures
  A crimson imp (D:3)
  Crazy Yiuf (D:3)
  A centaur skeleton (D:4)
  An iguana (D:4)
  A worker ant (D:4)
  A hound skeleton (D:4)
  5 adders
  4 dart slugs
  A leopard gecko (D:4)
  2 orcs
  7 bats
  4 giant cockroaches
  10 goblins
  9 hobgoblins
  10 jackals
  6 kobolds
  4 quokkas
  A ball python (D:2)
  5 frilled lizards
  8 rats
82 creatures vanquished.

Notes
Turn   | Place    | Note
-------+----------+-------------------------------------------
     0 | D:1      | Descartes the Gargoyle Earth Elementalist began the quest
                  | for the Orb.
     0 | D:1      | Reached XP level 1. HP: 10/10 MP: 3/3
   459 | D:1      | Reached XP level 2. HP: 13/15 MP: 5/5
   509 | D:1      | Reached skill level 1 in Armour
   816 | D:1      | Reached skill level 4 in Earth Magic
  1237 | D:2      | Reached XP level 3. HP: 16/19 MP: 6/6
  1649 | D:2      | Reached XP level 4. HP: 14/24 MP: 2/8
  2511 | D:3      | Reached XP level 5. HP: 28/28 MP: 9/9
  2530 | D:3      | Found a sparkling altar of Nemelex Xobeh.
  2638 | D:3      | Learned a level 2 spell: Passwall
  2642 | D:3      | Learned a level 3 spell: Stone Arrow
  2649 | D:3      | Reached skill level 5 in Earth Magic
  3068 | D:3      | Found a runed translucent door.
  3069 | D:3      | Noticed Crazy Yiuf
  3237 | D:3      | Killed Crazy Yiuf
  3302 | D:4      | Reached skill level 1 in Staves
  3422 | D:4      | Reached XP level 6. HP: 26/32 MP: 11/11
  3677 | D:4      | Slain by an ogre

Levels and vault maps discovered:
D:1:      psy_arrival_terrarium, layout_basic, serial_bayou,
          serial_bayou_ford_a, serial_bayou_crossing, serial_bayou_pond_e,
          serial_bayou_pond_d
D:2:      layout_rooms, feat_on_display
D:3:      layout_rooms, old_standard_altar, uniq_crazy_yiuf_cottage
D:4:      cheibrodos_helix_gallery, layout_rooms, minitemple, first_ration

Skill      XL: |  1  2  3  4  5 |
---------------+----------------+-----
Armour         | 1 2 3 |  3.5
Earth Magic    | 4 5 |  5.4
Spellcasting   | 3 |  3.5
Staves         | 1 |  1.5
Dodging        | |  1.5
Stealth        | |  2.1
Transmutations | |  0.7

Action                   |  1- 3 |  4- 6 || total
-------------------------+-------+-------++-------
Melee: Unarmed           |     8 |       ||     8
       Spear             |   103 |       ||   103
       Quarterstaff      |     7 |   178 ||   185
 Cast: Sandblast         |     7 |    17 ||    24
 Stab: Sleeping          |     3 |     3 ||     6
  Eat: Chunk             |     2 |     6 ||     8
Armor: Leather armour    |    34 |    66 ||   100
       Robe              |     1 |       ||     1
       Chain mail        |       |    92 ||    92
Dodge: Dodged            |    70 |   142 ||   212
